 Dungeon Crawl Stone Soup version 0.31-a0-691-g409c26aa35 (webtiles) character file.

Game seed: 7786158678433542333

2659 microfolk the Fighter (level 9, 0/74 HPs)
             Began as a Barachi Reaver on Sept 6, 2023.
             Slain by a wraith (6 damage)
             ... on level 7 of the Dungeon.
             The game lasted 00:34:05 (9144 turns).

microfolk the Fighter (Barachi Reaver)              Turns: 9144, Time: 00:34:06

Health: 0/74       AC: 10    Str: 13    XL:     9   Next: 63%
Magic:  27/28      EV: 10    Int: 19    God:
Gold:   485        SH:  0    Dex: 10    Spells: 9/21 levels left

rFire   . . .        a - +4 falchion
rCold   . . .        (no shield)
rNeg    . . .        k - +1 ring mail {Will+}
rPois   +            f - +2 helmet
rElec   .            (no cloak)
rCorr   .            z - +0 pair of gloves
SInv    .            (no boots)
Will    +....        (no amulet) Stlth
                     u - ring of poison resistance
HPRegen 0.32/turn    o - ring of magical power
MPRegen 0.21/turn

%: no passive effects
@: hasted and slowed, slow
A: amphibious, slowness 1, strong legs 1, +LOS
a: Hop


You were on level 7 of the Dungeon.
You visited 2 branches of the dungeon, and saw 8 of its levels.
You also visited: Sewer.

You collected 485 gold pieces.

Inventory:

Hand Weapons
 a - a +4 falchion (weapon)
Missiles
 l - 85 stones
 q - 17 poisoned darts
Armour
 f - a +2 helmet (worn)
 g - a +0 scale mail
 i - a +0 troll leather armour {Pargi}
 k - a +1 ring mail of willpower (worn)
 z - a +0 pair of gloves (worn)
Jewellery
 m - a ring of protection from cold
 o - a ring of magical power (right hand)
 u - a ring of poison resistance (left hand)
 F - an amulet of guardian spirit
Wands
 w - a wand of flame (34)
 D - a wand of polymorph (2)
 G - a wand of iceblast (9)
Scrolls
 c - 2 scrolls of blinking
 d - a scroll of fog
 h - a scroll of summoning
 j - a scroll of teleportation {unknown}
 t - 2 scrolls of immolation
 y - a scroll of fear {unknown}
 A - a scroll of noise
 B - a scroll of poison {unknown}
 E - a scroll of acquirement {unknown}
Potions
 b - 3 potions of lignification
 n - 3 potions of curing {@q1}
 p - a potion of might
 r - a potion of magic
 s - 2 potions of invisibility
 v - 2 potions of heal wounds {@q2}
 x - a potion of mutation
 C - a potion of attraction


   Skills:
 + Level 8.0 Fighting
 - Level 3.6 Long Blades
 - Level 2.1 Dodging
 + Level 6.7 Spellcasting
 - Level 6.0 Conjurations
 * Level 6.2 Ice Magic
 - Level 6.0 Poison Magic


You had 9 spell levels left.
You knew the following spells:

 Your Spells              Type           Power      Damage    Failure   Level
a - Kiss of Death         Conj/Necr      68%        2d10      7%          1
b - Poisonous Vapours     Pois/Air       34%        N/A       10%         2
c - Hailstorm             Conj/Ice       29%        3d8       5%          3
d - Momentum Strike       Conj/Tloc      34%        3d8       10%         2
e - Olgreb's Toxic Radia  Pois           29%        N/A       19%         4

Your spell library contained the following spells:

 Spells                   Type           Power      Damage    Failure   Level
 Sting                    Tmut/Pois      68%        1d6       7%          1


Dungeon Overview and Level Annotations

Branches:
Dungeon (7/15)             Temple (1/1) D:5           Sewer (visited)

Altars:
Ashenzari
Elyvilon
Fedhas
Gozag
Kikubaaqudgha
Makhleb
Nemelex Xobeh
Okawaru
Qazlal
Ru
Sif Muna
Trog
Uskayaw
Vehumet
Wu Jian
Xom
Yredelemnul
Zin

Shops:
D:5 =   D:7 [

Portals:
Abyss: D:3

Annotations:
D:3 2 transporters, kumasnoop's ghost, amateur DrBe


Innate Abilities, Weirdness & Mutations

You are amphibious.
You cover ground slowly.
You can hop short distances.
You have an extended range of vision and can be seen from far away.


Message History

The wraith is almost destroyed.
The wraith barely misses you.
You hit the wraith but do no damage.
The wraith is almost destroyed.
The wraith hits you but does no damage.
You closely miss the wraith.
The wraith is almost destroyed.
The wraith hits you but does no damage.
You hit the wraith.
You destroy the wraith!
Your Fighting skill increases to level 8!
Your Ice Magic skill increases to level 6!
You hit the wraith but do no damage. The wraith barely misses you.
You barely miss the wraith. The wraith hits you but does no damage.
Casting: Momentum Strike (safe; 10% risk of failure)
Confirm with . or Enter, or press ? or * to list all spells.
Aiming: Momentum Strike (safe; 10% risk of failure)
Press: ? - help, Dir - move target, f - wraith
Aim: a wraith (71% to hit)
The concentrated momentum hits the wraith.
The wraith is lightly damaged.
You are unable to move.
The wraith misses you.
You barely miss the wraith.
The wraith is lightly damaged.
The wraith hits you but does no damage.
You hit the wraith but do no damage.
The wraith is lightly damaged.
The wraith closely misses you. The wraith hits you.
* * * LOW HITPOINT WARNING * * *
The wraith drains your vigour!
You feel as though you will be slow longer.
You hit the wraith but do no damage.
The wraith is lightly damaged.
The wraith hits you.
* * * LOW HITPOINT WARNING * * *
You hit the wraith but do no damage.
The wraith is lightly damaged.
You are no longer robbed of momentum.
The wraith hits you.
You die...

.....# #...#
####.# #.#.# #.#
#.#.# ##.##
#.#.# ###...#
#.#.# ......#
#.#.# ###...#
#.#.# # #####
#.#.###########
#
#.#....@W.....#
#
#.########.##.##
# ##.## #.....#
# ##...##
####.## #
#.....##### .# #
##........# #! #
##.#.#.### ##
##### #.#.#.#
....# #.#.#.#


You could see a wraith.

Vanquished Creatures
  A wraith (D:7)
  A vampire mosquito (D:7)
  A water moccasin (D:5)
  Pargi (Sewer)
  2 orc warriors (D:5)
  2 sky beasts
  A black bear (D:7)
  2 ogres (D:5)
  A centaur (D:6)
  2 phantoms
  A gnoll sergeant (D:6)
  4 scorpions
  5 wights (D:5)
  A jelly (D:5)
  2 hounds (D:5)
  2 sleepcaps
  A gnoll bouda (D:7)
  4 iguanas
  4 orc wizards
  9 adders
  11 gnolls
  5 river rats (D:4)
  2 shadow imps
  5 worms
  16 orcs
  15 endoplasms
  3 giant cockroaches
  4 goblins
  6 hobgoblins
  3 jackals (D:1)
  6 quokkas
  9 ball pythons
  9 frilled lizards
  5 kobolds
  13 rats
  A spectral orc (D:5)
160 creatures vanquished.

Vanquished Creatures (others)
  A jelly (D:5)
1 creature vanquished.

Grand Total: 161 creatures vanquished

Notes
Turn   | Place    | Note
-------+----------+-------------------------------------------
     0 | D:1      | microfolk the Barachi Reaver began the quest for the Orb.
     0 | D:1      | Reached XP level 1. HP: 17/17 MP: 3/3
   272 | D:1      | Reached XP level 2. HP: 22/23 MP: 5/5
  1366 | D:2      | Learned a level 2 spell: Momentum Strike
  1409 | D:2      | Reached XP level 3. HP: 24/28 MP: 6/6
  1498 | D:2      | Reached skill level 3 in Fighting
  1906 | D:2      | Reached XP level 4. HP: 29/31 MP: 8/8
  2164 | D:3      | Found a transporter.
  2165 | D:3      | Found a one-way gate to the infinite horrors of the Abyss.
  2165 | D:3      | Noticed kumasnoop's ghost (amateur DrBe)
  2171 | D:3      | Found an opulent altar of Gozag.
  2176 | D:3      | Found a transporter.
  2379 | D:3      | Found a faded altar of an unknown god.
  2830 | D:4      | Reached XP level 5. HP: 34/41 MP: 9/9
  2891 | D:3      | Reached skill level 5 in Conjurations
  3261 | D:4      | Reached skill level 4 in Fighting
  3295 | D:4      | HP: 1/32 [worm (8)]
  3327 | D:4      | Found a glowing drain.
  3332 | Sewer    | Entered a sewer
  3469 | Sewer    | Noticed Pargi
  3476 | Sewer    | Reached XP level 6. HP: 27/32 MP: 11/11
  3568 | Sewer    | Killed Pargi
  3596 | Sewer    | Learned a level 3 spell: Hailstorm
  3798 | D:4      | Learned a level 2 spell: Poisonous Vapours
  3924 | D:4      | Reached skill level 1 in Poison Magic
  4050 | D:4      | Found a hide-covered altar of Uskayaw.
  4184 | D:4      | Found a blossoming altar of Fedhas.
  4244 | D:4      | Reached skill level 5 in Fighting
  4244 | D:4      | Reached XP level 7. HP: 26/49 MP: 13/13
  4593 | D:5      | Entered Level 5 of the Dungeon
  4785 | D:5      | Found Wirid's Jewellery Boutique.
  4848 | D:5      | Found an ancient bone altar of Kikubaaqudgha.
  5481 | D:5      | Reached XP level 8. HP: 57/61 MP: 15/15
  5503 | D:5      | Reached skill level 5 in Spellcasting
  5739 | D:5      | Found a basalt altar of Yredelemnul.
  5779 | D:5      | Reached skill level 6 in Fighting
  5998 | D:5      | Reached skill level 5 in Poison Magic
  6244 | D:5      | Found a staircase to the Ecumenical Temple.
  6254 | Temple   | Entered the Ecumenical Temple
  6846 | D:6      | Reached skill level 1 in Ice Magic
  7149 | D:5      | Reached skill level 7 in Fighting
  7255 | D:5      | Reached XP level 9. HP: 71/72 MP: 17/17
  7260 | D:5      | Learned a level 4 spell: Olgreb's Toxic Radiance
  8193 | D:7      | Found Guighe's Armour Shop.
  8334 | D:7      | Reached skill level 5 in Ice Magic
  9138 | D:7      | Reached skill level 8 in Fighting
  9144 | D:7      | Slain by a wraith

Illustrated notes

Levels and vault maps discovered:
D:1:      onia_arrival_pentagram, layout_basic, minmay_misc_feat_ornament,
          amcnicky_mini_corridor_feature
D:2:      layout_basic, minmay_misc_feat_chi, nicolae_half_adder
D:3:      layout_rooms, nicolae_gozag_cash_rules_everything_around_me,
          gammafunk_ghost_abyssal_escape, ebering_ecumenical_altar_petrified,
          kennysheep_generic_room_3
D:4:      cheibrodos_helix_gallery, layout_basic, lemuel_round_altar,
          general_overflow_altar, lightli_sewer_entry_pipes
D:5:      layout_basic, yredelemnul_forgotten_temple_becter,
          overflow_temple_1_default, lemuel_temple_firewalk_a, serial_shops,
          shop
D:6:      layout_cave_pools
D:7:      minmay_cornered_nines, layout_loops_ring, serial_shops, shop,
          chequers_jeans
Temple:   nicolae_temple_figure_eight

Skill      XL: |  1  2  3  4  5  6  7  8  9 |
---------------+----------------------------+-----
Conjurations   | 4 5 6 |  6.0
Fighting       | 3 4 5 7 8 |  8.0
Spellcasting   | 3 4 5 6 |  6.7
Poison Magic   | 2 4 6 |  6.0
Ice Magic      | 3 6 |  6.2
Long Blades    | |  3.6
Dodging        | |  2.1

Action                     |  1- 3 |  4- 6 |  7- 9 || total
---------------------------+-------+-------+-------++-------
  Melee: Falchion          |   145 |   321 |   296 ||   762
         Punch             |     2 |       |     1 ||     3
  Throw: Dart              |       |     6 |       ||     6
   Cast: Kiss of Death     |     2 |     5 |     3 ||    10
         Momentum Strike   |       |     1 |    16 ||    17
         Poisonous Vapours |       |       |    66 ||    66
         Hailstorm         |       |       |    10 ||    10
Ability: Hop               |     2 |     2 |     9 ||    13
    Use: Scroll            |       |     5 |    10 ||    15
         Potion            |       |     1 |     2 ||     3
 Armour: Leather armour    |    60 |       |       ||    60
         Ring mail         |    21 |   191 |   263 ||   475
         Troll leather arm |       |    12 |       ||    12
  Dodge: Dodged            |    72 |   163 |   138 ||   373

Table legend: (Time is in decaauts)
 A = Elapsed time spent in this place.
 B = Non-inter-level travel time spent in this place.
 C = Inter-level travel time spent in this place.
 D = Time resting spent in this place.
 E = Time spent auto-exploring this place.
 F = Levels seen in this place.
 G = Mean time per level.
                   A        B        C        D        E       F      G
               +--------+--------+--------+--------+--------+-----+--------+
         Total |  10350 |   9299 |   1051 |   1709 |   4600 |   9 | 1150.0 |
       Dungeon |   9838 |   8821 |   1017 |   1589 |   4525 |   7 | 1405.4 |
        Temple |     74 |     41 |     33 |      0 |      0 |   1 |   74.0 |
         Sewer |    437 |    437 |      0 |    120 |     74 |   1 |  437.0 |
               +--------+--------+--------+--------+--------+-----+--------+

Top non-repeatable levels by time:
     D:5: 2686 daAuts
     D:4: 1681 daAuts
     D:1: 1534 daAuts
     D:7: 1120 daAuts
     D:6: 1039 daAuts
     D:2: 908 daAuts
     D:3: 867 daAuts
   Sewer: 437 daAuts
  Temple: 74 daAuts
